[Event "Late-Titled-Tuesday-Blitz-February-27-2024"]
[Site "Chess.com"]
[Date "2024.02.27"]
[Round "3"]
[White "Kiborg95"]
[Black "ProChessWICTH"]
[Result "1-0"]
[WhiteElo "2824"]
[BlackElo "2549"]
[TimeControl "180+1"]
[EndTime "14:27:15 PST"]
[Termination "Kiborg95 won by resignation"]

1. e4 c5 2. Nc3 e6 3. Nge2 Nc6 4.
d4 cxd4 5. Nxd4 Nf6 6. g3 Bb4 7. Bg2 O-O 8. O-O d5 9. exd5 exd5 10. Bg5 Bxc3 11. bxc3 Be6 12. Rb1 Na5 13. Re1 h6 14. Bxf6 Qxf6 15. Rb5 b6 16. Bxd5 Bxd5 17. Rxd5 Rac8 18.
Rf5 Qd6 19. Qf3 Nc4 20. Rd5 Qa3 21. Nf5 Rc5 22. Ne7+ Kh7 23. Qf5+ Kh8 24. Ng6+ fxg6 25. Qxf8+ Kh7 26. Rd7 Qxc3 27. Ree7 Qa1+ 28. Kg2 Ne3+ 29.
fxe3 Rxc2+ 30. Kh3 Qf1+ 31. Qxf1 1-0

[Event "Late-Titled-Tuesday-Blitz-February-27-2024"]
[Site "Chess.com"]
[Date "2024.02.27"]
[Round "3"]
[White "DefiantChair"]
[Black "dolynachess"]
[Result "1-0"]
[WhiteElo "2654"]
[BlackElo "2455"]
[TimeControl "180+1"]
[EndTime "14:27:16 PST"]
[Termination "DefiantChair won on time"]

1. d4 Nf6 2. c4 c5 3. d5 b5 4. cxb5 a6 5. bxa6 g6 6. Nc3 Bg7 7. e4 O-O 8. Nf3 Qa5 9. Qc2 Nxe4 10. Qxe4 Bxc3+ 11. Bd2 Bxd2+ 12. Nxd2 d6 13. Bc4 Bxa6 14.
Bxa6 Nxa6 15. Qe2 Nb4 16. O-O Nxd5 17. Rfd1 Rfb8 18. Nc4 Nf4 19. Qf3 Qa4 20. Qxf4 Rxb2 21.
Qc1 Rc2 22. Qg5 Qxc4 23. Qxe7 d5 24. a4 d4 25. h4 Qe2 26. Qf6 Rxa4 27. Re1 Rxa1 28.
Rxa1 Qe8 29. h5 Re2 30. h6 Re1+ 31. Kh2 1-0

[Event "Late-Titled-Tuesday-Blitz-February-27-2024"]
[Site "Chess.com"]
[Date "2024.02.27"]
[Round "3"]
[White "stollenmonster"]
[Black "JackRodgers"]
[Result "1-0"]
[WhiteElo "2863"]
[BlackElo "2511"]
[TimeControl "180+1"]
[EndTime "14:27:17 PST"]
[Termination "stollenmonster won on time"]

1. e4 c5 2. Nf3 g6 3. d4 cxd4 4. Nxd4 Bg7 5. Nc3 Nc6 6. Nde2 Nf6 7. g3 O-O 8. Bg2 d6 9. h3 Bd7 10. a4 Rc8 11. O-O a6 12. Nd5 Nxd5 13. exd5 Ne5 14. Ra2 Bf5 15. b3 h5 16. a5 Rc5 17. Bd2 Bc8 18.
c4 Rc7 19. Be3 Nd7 20. Re1 Re8 21. Nf4 Nc5 22. b4 Nd7 23. Rc2 Rf8 24. Qe2 Qe8 25.
c5 Nf6 26. c6 Bf5 27. Rcc1 bxc6 28. dxc6 Qa8 29. Bb6 Rfc8 30. Bxc7 Rxc7 31. b5 axb5 32. Qxb5 e5 33. Nd5 Nxd5 34. Bxd5 Kh7 35. Qb6 Qc8 36. a6 Bxh3 37. a7 f5 38. Qb8 1-0

[Event "Late-Titled-Tuesday-Blitz-February-27-2024"]
[Site "Chess.com"]
[Date "2024.02.27"]
[Round "3"]
[White "arenal72"]
[Black "TenisMaster"]
[Result "0-1"]
[WhiteElo "2616"]
[BlackElo "2938"]
[TimeControl "180+1"]
[EndTime "14:27:18 PST"]
[Termination "TenisMaster won by resignation"]

1. Nf3 d5 2. g3 Bg4 3. Bg2 c6 4. O-O e6 5. d3 Bd6 6. c4 Ne7 7.
Nc3 Nd7 8. h3 Bh5 9. Be3 O-O 10.
Qb3 Qb8 11. Rac1 Re8 12. Bd2 a6 13. e4 dxc4 14. dxc4 Nc5 15. Qc2 e5 16. b4 Ne6 17.
c5 Bc7 18. Be3 Rd8 19. g4 Bg6 20. Rfd1 h5 21. g5 Nf4 22. Bxf4 exf4 23. Qb3 Bh7 24.
Bf1 Rxd1 25. Rxd1 Qe8 26. Bc4 Ng6 27. Qc2 Ne5 28. Qe2 Rd8 29. Bb3 Nxf3+ 30. Qxf3 Bg6 31.
h4 Rd7 32. Rxd7 Qxd7 33. Qd1 Qh3 34. Qd7 Qxd7 0-1

[Event "Late-Titled-Tuesday-Blitz-February-27-2024"]
[Site "Chess.com"]
[Date "2024.02.27"]
[Round "3"]
[White "janhelmer03"]
[Black "MrKGG1"]
[Result "0-1"]
[WhiteElo "2375"]
[BlackElo "2586"]
[TimeControl "180+1"]
[EndTime "14:27:18 PST"]
[Termination "MrKGG1 won by resignation"]

1. d4 Nf6 2. Nf3 e6 3. e3 b6 4. Bd3 Bb7 5. O-O g6 6. b3 Bg7 7. Bb2 O-O 8. Nbd2 d5 9. c4 Nbd7 10. Qc2 c5 11. Rad1 Rc8 12. Qb1 Qe7 13. Rfe1 cxd4 14.
exd4 Rfd8 15. Qc1 dxc4 16. bxc4 Nh5 17. Ne4 Ndf6 18. Ba3 Qc7 19. Nxf6+ Bxf6 20. Be2 Nf4 21. Qe3 Nxe2+ 22. Qxe2 Qxc4 23. Qe3 Qxa2 24. Ra1 Qd5 25. Bb2 a5 26. Rab1 b5 27. Ba1 b4 28. Bb2 Rc4 29. Ba1 a4 30. Qd2 b3 31. Qe3 Rc2 32.
Bb2 Rdc8 33. Ba3 R8c3 34. Qe2 0-1

[Event "Late-Titled-Tuesday-Blitz-February-27-2024"]
[Site "Chess.com"]
[Date "2024.02.27"]
[Round "3"]
[White "Supelyel"]
[Black "Yushko_Olga"]
[Result "1-0"]
[WhiteElo "2449"]
[BlackElo "2199"]
[TimeControl "180+1"]
[EndTime "14:27:20 PST"]
[Termination "Supelyel won by resignation"]

1. c4 e6 2. Nc3 Nf6 3. Nf3 d5 4.
cxd5 exd5 5. d4 Be7 6. Bf4 O-O 7. e3 c5 8. dxc5 Bxc5 9. Bd3 Nc6 10. O-O Bg4 11.
Be2 a6 12. Qb3 Na5 13. Qc2 Rc8 14. Rad1 b5 15. Bg5 b4 16. Nxd5 Bxe3 17. Bxf6 gxf6 18. Qe4 Bxf3 19. Bxf3 Bc5 20. Ne3 Qb6 21. Qg4+ Kh8 22.
Be4 Bxe3 23. Qf5 1-0

[Event "Late-Titled-Tuesday-Blitz-February-27-2024"]
[Site "Chess.com"]
[Date "2024.02.27"]
[Round "3"]
[White "Korchmar_Vasiliy"]
[Black "Msb2"]
[Result "0-1"]
[WhiteElo "2695"]
[BlackElo "3022"]
[TimeControl "180+1"]
[EndTime "14:27:21 PST"]
[Termination "Msb2 won on time"]

1. Nf3 d5 2. d4 e6 3. e3 Nf6 4. c4 Bd6 5. Nbd2 O-O 6. Bd3 b6 7. O-O Bb7 8. b3 Nbd7 9. Bb2 a5 10. Qc2 a4 11. Rad1 Qe7 12. Ne5 axb3 13. axb3 dxc4 14.
Ndxc4 h6 15. f4 Nd5 16. Qf2 Ra2 17. Bb1 Raa8 18. Qc2 N7f6 19. g4 Nb4 20. Qe2 Ne4 21. Qe1 b5 22. Nd2 Nxd2 23. Qxd2 Qh4 24. Qf2 Qxf2+ 25.
Rxf2 f6 26. Ng6 Rfe8 27. h4 Nd5 28. Re2 Ba3 29. Kf2 Bxb2 30. Rxb2 Nc3 31. Rc1 Nxb1 32.
Rbxb1 Be4 0-1

[Event "Late-Titled-Tuesday-Blitz-February-27-2024"]
[Site "Chess.com"]
[Date "2024.02.27"]
[Round "3"]
[White "KNVB"]
[Black "AjedrezenMadrid"]
[Result "0-1"]
[WhiteElo "2821"]
[BlackElo "2518"]
[TimeControl "180+1"]
[EndTime "14:27:22 PST"]
[Termination "AjedrezenMadrid won by checkmate"]

1. e4 c6 2. Nf3 d5 3. d3 dxe4 4. dxe4 Qxd1+ 5. Kxd1 Nf6 6. Nfd2 g5 7. Bd3 Nbd7 8. Nc4 g4 9. Be3 h5 10. a4 Bh6 11. Ke2 Bxe3 12. Kxe3 h4 13. a5 Rh5 14. b4 Ne5 15. Nxe5 Rxe5 16. Nd2 Be6 17. f4 gxf3 18. Nxf3 Ng4+ 19. Kf4 Rh5 20. h3 Nf6 21. Rhd1 O-O-O 22. Bf1 Rg8 23. Nd4 Nd7 24. a6 Ne5 25. axb7+ Kxb7 26. Ba6+ Kb8 27. Ra5 Ng6+ 28. Ke3 Rxa5 29. Nxc6+ Kc7 30. Nxa5 Ne5 31. Kf4 f6 32. Bf1 Rg3 33.
c4 Ng6# 0-1

[Event "Late-Titled-Tuesday-Blitz-February-27-2024"]
[Site "Chess.com"]
[Date "2024.02.27"]
[Round "3"]
[White "MusicCityMaster"]
[Black "SEBAZZANO"]
[Result "1-0"]
[WhiteElo "2562"]
[BlackElo "2313"]
[TimeControl "180+1"]
[EndTime "14:27:22 PST"]
[Termination "MusicCityMaster won on time"]

1. e4 e6 2. d4 d5 3. Nc3 dxe4 4. Nxe4 Bd7 5. Nf3 Bc6 6. Bd3 Bxe4 7. Bxe4 c6 8. c3 Nf6 9. Bc2 Bd6 10. O-O Nbd7 11.
Re1 O-O 12. Bg5 Qc7 13. h3 Bf4 14. Qd3 Bxg5 15. Nxg5 g6 16. Re3 c5 17. Rae1 cxd4 18.
Qxd4 a6 19. Qh4 Rfd8 20. Rf3 Rf8 21. Bb3 Rae8 22. Qh6 Qd6 23. h4 e5 24. h5 e4 25.
Rh3 Qd2 26. Rd1 Qf4 27. hxg6 e3 28. gxf7+ Kh8 29. Qxh7+ 1-0

[Event "Late-Titled-Tuesday-Blitz-February-27-2024"]
[Site "Chess.com"]
[Date "2024.02.27"]
[Round "3"]
[White "rdarruda"]
[Black "Seochesspie"]
[Result "0-1"]
[WhiteElo "2517"]
[BlackElo "2892"]
[TimeControl "180+1"]
[EndTime "14:27:23 PST"]
[Termination "Seochesspie won on time"]

1. c4 Nf6 2. Nf3 g6 3. Nc3 Bg7 4. e4 c5 5. g3 Nc6 6. Bg2 d6 7. d3 O-O 8. O-O a6 9. Nh4 Rb8 10. a4 Bd7 11. f4 Nd4 12. Be3 b5 13. axb5 axb5 14. cxb5 Nxb5 15. Kh1 Ng4 16. Bd2 Nd4 17. Rb1 Nb3 18. h3 Nxd2 19. Qxd2 Nf6 20. Kh2 Rb3 21. Rfc1 Qb8 22. Rc2 Qb4 23. Nf3 Bc6 24.
e5 Nd5 25. Nxd5 Bxd5 26. Qxb4 Rxb4 27. exd6 exd6 28. Nd2 Ba2 29. Ra1 Be6 30. Rb1 Rfb8 31. b3 Bd4 32. Nc4 d5 33. Nd2 c4 34. dxc4 dxc4 0-1

[Event "Late-Titled-Tuesday-Blitz-February-27-2024"]
[Site "Chess.com"]
[Date "2024.02.27"]
[Round "3"]
[White "TimGrutter03"]
[Black "almaguerjm"]
[Result "0-1"]
[WhiteElo "2621"]
[BlackElo "2460"]
[TimeControl "180+1"]
[EndTime "14:27:28 PST"]
[Termination "almaguerjm won by resignation"]

1. Nf3 Nf6 2. c4 c5 3. Nc3 Nc6 4. g3 e5 5. Bg2 d6 6. O-O Be7 7. e3 O-O 8. d4 exd4 9. exd4 Bg4 10. dxc5 dxc5 11. Qxd8 Rfxd8 12. h3 Bh5 13. g4 Bg6 14.
Re1 Bf8 15. Bg5 Nd4 16. Nxd4 cxd4 17. Nd5 Nxd5 18. Bxd8 Nb4 19. Bc7 Rc8 20. Bf4 Nc2 21. Bxb7 Rd8 22. c5 Bxc5 23. Bc7 Rd7 24. Re8+ Bf8 25.
Rc8 Nxa1 26. Bc6 d3 27. Bf4 d2 0-1

[Event "Late-Titled-Tuesday-Blitz-February-27-2024"]
[Site "Chess.com"]
[Date "2024.02.27"]
[Round "3"]
[White "nihalsarin"]
[Black "grzechu96"]
[Result "1-0"]
[WhiteElo "3191"]
[BlackElo "2754"]
[TimeControl "180+1"]
[EndTime "14:27:29 PST"]
[Termination "nihalsarin won by resignation"]

1. d4 d5 2. c4 c6 3. Nf3 Nf6 4. Nc3 e6 5. Bg5 dxc4 6. e4 b5 7. e5 h6 8. Bh4 g5 9. Bg3 Nd5 10. Be2 Bb7 11. O-O Nd7 12. Nd2 a6 13. a4 Qb6 14. Nde4 c5 15. axb5 axb5 16. Rxa8+ Bxa8 17. dxc5 Bxc5 18. Nd6+ Bxd6 19. exd6 Nxc3 20. bxc3 Bd5 21. Bf3 Qc6 22. Bxd5 Qxd5 23. Qxd5 exd5 24. Re1+ Kd8 25. Ra1 Nb6 26. Ra7 b4 27. cxb4 c3 28. Be5 c2 29.
Bf6+ Kc8 30. Rc7+ Kb8 31. Bxh8 Nc4 32. Bb2 Nxb2 33. Rxc2 Nc4 34. Rc3 Kc8 35. Rh3 Kd7 36.
Rxh6 Nxd6 37. Kf1 Nc4 38. Ke2 Ne5 39. g3 Nc6 40. Rxc6 Kxc6 41. h4 gxh4 42. gxh4 Kb5 43. h5 Kxb4 44. h6 Kc3 45. h7 Kc2 46. h8=Q d4 47.
Qxd4 f6 48. Qxf6 Kb3 49. Qd4 Ka2 50. Qb4 Ka1 51. f4 1-0

[Event "Late-Titled-Tuesday-Blitz-February-27-2024"]
[Site "Chess.com"]
[Date "2024.02.27"]
[Round "3"]
[White "chess94cu"]
[Black "GHANDEEVAM2003"]
[Result "0-1"]
[WhiteElo "2699"]
[BlackElo "3047"]
[TimeControl "180+1"]
[EndTime "14:27:29 PST"]
[Termination "GHANDEEVAM2003 won by resignation"]

1. d4 d6 2. e4 g6 3. c4 Bg7 4.
Nc3 Nc6 5. Be3 e5 6. d5 Nce7 7.
c5 f5 8. Bb5+ Kf7 9. Nh3 f4 10.
Bd2 Bxh3 11. gxh3 Nf6 12. cxd6 cxd6 13. Qb3 a6 14. Be2 Rb8 15. O-O-O b5 16. Kb1 b4 17.
Na4 Nxe4 18. Be1 Qa5 19. Bg4 Nf5 20. Bxf5 gxf5 21. f3 Nc3+ 22. Nxc3 bxc3 23. Qxc3 Qb6 24. Bf2 Qxf2 25. Qc7+ Kg6 26. Rhg1+ Kh5 27. Qf7+ Kh4 28. b3 Qxf3 29. Qxg7 Rxb3+ 30. axb3 Qxb3+ 31. Ka1 Qa3+ 32. Kb1 Rb8+ 33. Kc2 Rb2+ 0-1

[Event "Late-Titled-Tuesday-Blitz-February-27-2024"]
[Site "Chess.com"]
[Date "2024.02.27"]
[Round "3"]
[White "Alexei_Gubajdullin"]
[Black "EcosseKillie"]
[Result "1-0"]
[WhiteElo "2642"]
[BlackElo "2267"]
[TimeControl "180+1"]
[EndTime "14:27:30 PST"]
[Termination "Alexei_Gubajdullin won by resignation"]

1. Nf3 g6 2. g3 Bg7 3. Bg2 c5 4. O-O Nc6 5. c4 e5 6. Nc3 d6 7. Ne1 Be6 8. d3 Qd7 9. Nc2 Bh3 10. Bxh3 Qxh3 11. Nd5 Nf6 12. Nxf6+ Bxf6 13. Ne3 h5 14.
Nd5 Bd8 15. f3 h4 16. g4 f5 17. e3 Ne7 18. Nxe7 Kxe7 19. Qe2 Bc7 20. Bd2 fxg4 21.
fxg4 Raf8 22. e4 Rxf1+ 23. Rxf1 Rf8 24. Bg5+ Ke8 25. Rxf8+ Kxf8 26. Qf1+ Qxf1+ 27. Kxf1 h3 28. Kf2 Kf7 29. Kg3 Ba5 30. Kxh3 Be1 31. Kg2 a6 32. a4 Ba5 33. b3 Bc3 34. Kf3 Bb4 35. h4 Be1 36. h5 gxh5 37. gxh5 Ba5 38. Kg4 1-0

[Event "Late-Titled-Tuesday-Blitz-February-27-2024"]
[Site "Chess.com"]
[Date "2024.02.27"]
[Round "3"]
[White "aa175"]
[Black "Sanan_Sjugirov"]
[Result "0-1"]
[WhiteElo "2683"]
[BlackElo "2975"]
[TimeControl "180+1"]
[EndTime "14:27:32 PST"]
[Termination "Sanan_Sjugirov won by resignation"]

1. d4 Nf6 2. Nf3 d5 3. c3 c6 4. Bf4 Bf5 5. e3 e6 6. Qb3 Qc8 7. c4 Nbd7 8. Nc3 Be7 9. Rc1 a6 10. cxd5 exd5 11. h3 O-O 12. Be2 Re8 13. O-O Ne4 14.
Nxd5 Be6 15. Nxe7+ Rxe7 16. Qa3 Re8 17. Ne5 Nxe5 18. Bxe5 Qd8 19. Bd3 Bd5 20. f3 Nf6 21. e4 Be6 22. Bd6 Nh5 23. f4 Bd7 24. f5 Qg5 25. Bb1 Rad8 26. e5 Ng3 27. Rf2 Qxc1+ 0-1

[Event "Late-Titled-Tuesday-Blitz-February-27-2024"]
[Site "Chess.com"]
[Date "2024.02.27"]
[Round "3"]
[White "chedimir"]
[Black "FernandoArauzAlonso"]
[Result "1-0"]
[WhiteElo "2469"]
[BlackElo "2588"]
[TimeControl "180+1"]
[EndTime "14:27:32 PST"]
[Termination "chedimir won by checkmate"]

1. e4 c5 2. Nf3 g6 3. d4 cxd4 4. Qxd4 Nf6 5. Bb5 Nc6 6. Bxc6 dxc6 7. Qxd8+ Kxd8 8. Nc3 Bg4 9. Ne5 Be6 10. Be3 Ng4 11.
O-O-O+ Kc7 12. Bf4 Kb6 13. Nxg4 Bxg4 14. f3 Be6 15.
Na4+ Kb5 16. b3 b6 17. Kb2 Bg7+ 18. Ka3 Rhd8 19. c4+ Ka6 20. Bc7 Rxd1 21. Rxd1 Kb7 22. Bd8 Bf6 23. f4 Bg4 24. Rd2 b5 25. Nc5+ Kc8 26.
e5 b4+ 27. Kxb4 Bg7 28. Bxe7 a5+ 29. Kc3 Ra7 30. Rd8+ Kc7 31. Rg8 Bh6 32. Bd6+ Kb6 33. Rb8+ Rb7 34. Rxb7# 1-0

[Event "Late-Titled-Tuesday-Blitz-February-27-2024"]
[Site "Chess.com"]
[Date "2024.02.27"]
[Round "3"]
[White "AungTZ"]
[Black "ElVital"]
[Result "1-0"]
[WhiteElo "2063"]
[BlackElo "2363"]
[TimeControl "180+1"]
[EndTime "14:27:35 PST"]
[Termination "AungTZ won by resignation"]

1. e4 c5 2. Nf3 e6 3. d4 cxd4 4. Nxd4 Nc6 5. Nc3 Qc7 6. Be3 a6 7. Bd3 Nf6 8. Qe2 b5 9. a3 Bb7 10. O-O h5 11. h3 Ne5 12. f4 Nc4 13. Bxc4 bxc4 14. e5 Nd5 15. Nxd5 Bxd5 16. c3 g6 17. Rad1 Rb8 18. f5 gxf5 19. Nxf5 Rg8 20. Rxd5 exd5 21.
Nd6+ Kd8 22. Nxf7+ Kc8 23. Bf4 Qb6+ 24. Kh1 Qxb2 25.
Qf3 Rb5 26. a4 Rc5 27. Be3 Ra5 28. Bd4 Qc2 29. Bb6 Rxg2 30. Qxg2 Qf2 31. Qxf2 1-0

[Event "Late-Titled-Tuesday-Blitz-February-27-2024"]
[Site "Chess.com"]
[Date "2024.02.27"]
[Round "3"]
[White "jaramsdal"]
[Black "HandKnit"]
[Result "0-1"]
[WhiteElo "2276"]
[BlackElo "2515"]
[TimeControl "180+1"]
[EndTime "14:27:36 PST"]
[Termination "HandKnit won by resignation"]

1. Nf3 e6 2. g3 Nf6 3. Bg2 d5 4. O-O Be7 5. c4 O-O 6. b3 c5 7. cxd5 Nxd5 8. Bb2 Nc6 9. d4 cxd4 10. Nxd4 Bd7 11. Nd2 Nxd4 12. Bxd4 Bc6 13. Nc4 Bf6 14. Ne5 Bxe5 15. Bxe5 Ne7 16. e4 Qa5 17. Bb2 Rfd8 18. Qe1 Qxe1 19. Rfxe1 Rd2 20. Bc3 Rd3 21. Bb4 Ng6 22.
f4 Rad8 23. Kf2 h5 24. Re2 h4 25. Rc1 hxg3+ 26. hxg3 Nf8 27. Re3 R3d4 28. Bc5 Rd2+ 29. Re2 a6 30. Rc2 R2d3 31. Be3 Nh7 32. Red2 Nf6 33. Rxd3 Rxd3 34. e5 Ng4+ 35. Kg1 Nxe3 0-1

[Event "Late-Titled-Tuesday-Blitz-February-27-2024"]
[Site "Chess.com"]
[Date "2024.02.27"]
[Round "3"]
[White "Bkmzzzzz"]
[Black "maximnovik"]
[Result "0-1"]
[WhiteElo "2404"]
[BlackElo "2597"]
[TimeControl "180+1"]
[EndTime "14:27:38 PST"]
[Termination "maximnovik won by resignation"]

1. e4 c6 2. d4 d5 3. Nc3 dxe4 4. Nxe4 Bf5 5. Nc5 Qb6 6. Nf3 e6 7. Nb3 Nf6 8. Bd3 Bg4 9. h3 Bh5 10. c3 Be7 11. Bf4 O-O 12. O-O Nbd7 13. Rb1 c5 14. Be2 Rad8 15. Be3 Qc7 16. Qc2 Bg6 17. Bd3 Bxd3 18. Qxd3 c4 19. Qc2 cxb3 20. axb3 a6 21. b4 Nb6 22. Rbd1 Bxb4 23. Ne5 Bd6 24. f4 Nbd5 25. Bc1 b5 26. Qf2 Ne4 27. Qf3 f5 28. Kh2 Bxe5 29. fxe5 h6 30. g4 Ne7 31. Rg1 Rf7 32.
Rde1 Qc6 33. Qf4 Ng5 34. Rg3 fxg4 35. Qxg4 Nf3+ 0-1

[Event "Late-Titled-Tuesday-Blitz-February-27-2024"]
[Site "Chess.com"]
[Date "2024.02.27"]
[Round "3"]
[White "morte-negra"]
[Black "jcmesafischer"]
[Result "1-0"]
[WhiteElo "2036"]
[BlackElo "2366"]
[TimeControl "180+1"]
[EndTime "14:27:38 PST"]
[Termination "morte-negra won by resignation"]

1. e4 c5 2. Nf3 d6 3. d4 cxd4 4. Nxd4 Nf6 5. Nc3 a6 6. Rg1 e5 7. Nb3 b5 8. g4 Bb7 9. g5 Nxe4 10. Nxe4 Bxe4 11. Qg4 Bb7 12. Be3 Nd7 13. O-O-O Qc7 14. Kb1 Rc8 15. Rc1 d5 16. Bh3 Bd6 17. Rge1 Qd8 18.
f4 Rc4 19. Na5 Bc8 20. Nxc4 bxc4 21. fxe5 Nxe5 22. Qxc8 O-O 23. Qxd8 Rxd8 24. Bf4 1-0

[Event "Late-Titled-Tuesday-Blitz-February-27-2024"]
[Site "Chess.com"]
[Date "2024.02.27"]
[Round "3"]
[White "PattyCastillo"]
[Black "SharathRk6"]
[Result "0-1"]
[WhiteElo "1976"]
[BlackElo "2360"]
[TimeControl "180+1"]
[EndTime "14:27:39 PST"]
[Termination "SharathRk6 won on time"]

1. d4 Nf6 2. Nf3 d5 3. e3 c5 4. Bd3 Nc6 5. b3 e6 6. Bb2 Be7 7. Nbd2 O-O 8. O-O b6 9. a3 Bb7 10. Qe2 Rc8 11. Ne5 Qc7 12. f4 Rfd8 13. Rac1 cxd4 14. exd4 a6 15. c4 dxc4 16. Nxc6 Qxc6 17. Nxc4 b5 18. Na5 Qb6 19. Nxb7 Qxb7 20. b4 Bd6 21. d5 Qxd5 22. Rxc8 Rxc8 23. Bxf6 gxf6 24. Qg4+ Kh8 25. Qh3 f5 26. Kh1 Rc3 27. Rd1 Bxf4 28. Qh4 Rxd3 29. Qf6+ Kg8 0-1

[Event "Late-Titled-Tuesday-Blitz-February-27-2024"]
[Site "Chess.com"]
[Date "2024.02.27"]
[Round "3"]
[White "Polish_fighter3000"]
[Black "lamomiajunior"]
[Result "1-0"]
[WhiteElo "3090"]
[BlackElo "2725"]
[TimeControl "180+1"]
[EndTime "14:27:40 PST"]
[Termination "Polish_fighter3000 won by resignation"]

1. e4 c5 2. Nf3 d6 3. d4 cxd4 4. Nxd4 Nf6 5. Nc3 a6 6. h4 e5 7. Nb3 Be6 8. f4 exf4 9. Bxf4 Nc6 10. Qd2 Be7 11. O-O-O Ne5 12. Nd4 Qc7 13. g3 Bg4 14. Be2 Bxe2 15. Qxe2 Rc8 16. Nf5 g6 17. Bxe5 dxe5 18.
Ne3 Qa5 19. Ned5 Nxd5 20. Rxd5 Qc7 21. Rd3 Kf8 22. Nd5 Qa5 23. Kb1 h5 24. Rf1 Ke8 25. Rfd1 Rd8 26. Qf2 Qc5 27. Nf6+ 1-0

[Event "Late-Titled-Tuesday-Blitz-February-27-2024"]
[Site "Chess.com"]
[Date "2024.02.27"]
[Round "3"]
[White "Mikhail646464"]
[Black "Yahisalem"]
[Result "0-1"]
[WhiteElo "2358"]
[BlackElo "2078"]
[TimeControl "180+1"]
[EndTime "14:27:40 PST"]
[Termination "Yahisalem won on time"]

1. Nf3 d6 2. g3 Nf6 3. d4 g6 4.
Bg2 Bg7 5. c4 O-O 6. O-O Nc6 7.
Nc3 Bg4 8. b3 Rb8 9. Bb2 e5 10.
dxe5 dxe5 11. Qxd8 Rfxd8 12. h3 Bxf3 13. Bxf3 e4 14.
Bg2 Re8 15. Rfd1 e3 16. f4 Nh5 17. Kh2 Nd4 18. Nd5 Nxe2 19. Bxg7 Kxg7 20. Nxc7 Re7 21.
Nd5 Ree8 22. g4 Nhxf4 23. Bf3 Nxd5 24. cxd5 Nf4 25. Kg3 g5 26. d6 e2 27. Re1 Rbd8 28. Rac1 Nd3 29. Rb1 Nxe1 30. Rxe1 Rxd6 31. Bxe2 Rde6 32.
Kf2 Rf6+ 33. Kg2 a5 34. a4 Rf4 35. Kg3 Re3+ 36. Kg2 Kf6 0-1

[Event "Late-Titled-Tuesday-Blitz-February-27-2024"]
[Site "Chess.com"]
[Date "2024.02.27"]
[Round "3"]
[White "gahryman"]
[Black "dropstoneDP"]
[Result "1/2-1/2"]
[WhiteElo "2698"]
[BlackElo "2990"]
[TimeControl "180+1"]
[EndTime "14:27:41 PST"]
[Termination "Game drawn by repetition"]

1. e4 e5 2. Nf3 Nf6 3. Nxe5 d6 4. Nf3 Nxe4 5. d3 Nf6 6. d4 d5 7. Bd3 Bd6 8. O-O O-O 9. Bg5 Bg4 10. Nbd2 h6 11. Bh4 Re8 12. c3 c5 13. Qc2 Nc6 14.
dxc5 Bxc5 15. Bh7+ Kh8 16. Bf5 Bxf5 17. Qxf5 Qd7 18.
Qxd7 Nxd7 19. Nb3 Be7 20. Rad1 Nb6 21. Bxe7 Rxe7 22. Rfe1 Rae8 23. Rxe7 Rxe7 24. Kf1 Nc4 25. Rxd5 Nxb2 26. Nbd4 Nxd4 27. cxd4 Rc7 28. Rd8+ Kh7 29. d5 Rc1+ 30. Ke2 Rc2+ 31. Ke3 Nd1+ 32. Kd4 Rxa2 33. d6 Ra4+ 34. Kc5 Nxf2 35. d7 Ne4+ 36. Kb5 Nc3+ 37. Kc5 Ne4+ 38. Kb5 Nc3+ 39. Kc5 Ne4+ 1/2-1/2

[Event "Late-Titled-Tuesday-Blitz-February-27-2024"]
[Site "Chess.com"]
[Date "2024.02.27"]
[Round "3"]
[White "db-banana"]
[Black "IlanSchnaider"]
[Result "0-1"]
[WhiteElo "2484"]
[BlackElo "2720"]
[TimeControl "180+1"]
[EndTime "14:27:42 PST"]
[Termination "IlanSchnaider won by resignation"]

1. e4 c5 2. Nf3 d6 3. d3 g6 4. g3 Bg7 5. Bg2 Nc6 6. O-O e6 7. c3 Nge7 8. d4 cxd4 9. cxd4 O-O 10. Nc3 Qb6 11. d5 Ne5 12. Rb1 Nxf3+ 13. Bxf3 exd5 14.
Nxd5 Nxd5 15. Qxd5 Be6 16. Qd3 Bxa2 17. Ra1 Be6 18.
Be3 Qxb2 19. Rab1 Qf6 20. Bf4 Rfd8 21. Bg2 Qe7 22. Qb5 b6 23. Rfd1 Rac8 24. Bg5 Bf6 25.
Bxf6 Qxf6 26. Qa4 Rc7 27. Rd2 Rdc8 28. Rbd1 Qc3 29. h4 Bb3 30. Qa1 Bxd1 0-1

[Event "Late-Titled-Tuesday-Blitz-February-27-2024"]
[Site "Chess.com"]
[Date "2024.02.27"]
[Round "3"]
[White "ckgchess"]
[Black "Rawnsdale"]
[Result "1-0"]
[WhiteElo "2872"]
[BlackElo "2513"]
[TimeControl "180+1"]
[EndTime "14:27:44 PST"]
[Termination "ckgchess won by resignation"]

1. e4 c6 2. d4 d5 3. e5 c5 4. dxc5 e6 5. Be3 Nh6 6. Bxh6 gxh6 7. Nd2 Bxc5 8. Nb3 Bb6 9. Nf3 Nc6 10. Bd3 f6 11.
Qe2 fxe5 12. Nxe5 Nxe5 13. Qxe5 O-O 14. O-O Qf6 15. Qxf6 Rxf6 16. Rae1 Bd7 17. g3 Raf8 18.
Re2 h5 19. Kg2 h4 20. f4 h3+ 21. Kh1 h5 22. c3 h4 23. Nd2 Be8 24. Nf3 Bh5 25.
Re5 Bxf3+ 26. Rxf3 Bc7 27. Rg5+ Kf7 28. Rh5 hxg3 29. Rh7+ Ke8 30. Rxc7 g2+ 31. Kg1 Rxf4 32. Rc8+ Ke7 33. Rxf8 Rxf8 34. Rxf8 Kxf8 35. Be2 e5 36. Bg4 d4 37. cxd4 exd4 38. Bxh3 d3 39. Bxg2 d2 40. Bf3 1-0

[Event "Late-Titled-Tuesday-Blitz-February-27-2024"]
[Site "Chess.com"]
[Date "2024.02.27"]
[Round "3"]
[White "GiorgianBarbosa"]
[Black "Alphafischer2019"]
[Result "0-1"]
[WhiteElo "2537"]
[BlackElo "2704"]
[TimeControl "180+1"]
[EndTime "14:27:46 PST"]
[Termination "Alphafischer2019 won by checkmate"]

1. c4 Nf6 2. g3 c6 3. Bg2 d5 4.
cxd5 cxd5 5. Nf3 Nc6 6. O-O Bg4 7. d4 Bxf3 8. Bxf3 e6 9. Nc3 Be7 10. Bg5 O-O 11. e3 Qb6 12. Qd2 Na5 13. Na4 Qb5 14. b3 Bb4 15. Qe2 Qxe2 16. Bxe2 Ne4 17. Bf4 Rac8 18. a3 Be7 19. f3 Nd2 20. Rfd1 Naxb3 21. Ra2 g5 22. Raxd2 Nxd2 23. Rxd2 gxf4 24. gxf4 Bxa3 25. Ra2 Be7 26. Bd3 Rc1+ 27. Kg2 Rfc8 28. Kh3 a6 29. Nb6 R8c7 30. Rg2+ Kh8 31. Rb2 f5 32. e4 dxe4 33.
fxe4 R7c3 34. Rd2 Rb3 35. exf5 exf5 36. Nd5 Bd8 37. Kg2 Ba5 38. Re2 Rxd3 39. Re7 Rc2+ 40. Kf1 Rd1+ 41. Re1 Rxe1# 0-1

[Event "Late-Titled-Tuesday-Blitz-February-27-2024"]
[Site "Chess.com"]
[Date "2024.02.27"]
[Round "3"]
[White "AryanTari"]
[Black "DonMicheleCorleone"]
[Result "1-0"]
[WhiteElo "2931"]
[BlackElo "2525"]
[TimeControl "180+1"]
[EndTime "14:27:47 PST"]
[Termination "AryanTari won by resignation"]

1. a3 e5 2. e4 Nf6 3. Nc3 Bc5 4.
Nf3 d6 5. d4 exd4 6. Nxd4 O-O 7. Bg5 h6 8. Bh4 g5 9. Bg3 Re8 10. f3 d5 11. Nb3 Bb6 12. Be2 Nc6 13. Nxd5 Nxd5 14. Qxd5 Qe7 15. O-O-O Be6 16. Qd2 Bxb3 17. cxb3 Nd4 18. Bc4 Rad8 19. Qc3 Bc5 20. Kb1 b5 21.
Bd5 c6 22. Rxd4 Bxd4 23. Qxd4 cxd5 24. exd5 Qe3 25. Qxe3 Rxe3 26. Rd1 Rxb3 27. Bf2 a5 28. d6 f6 29. d7 Kf7 30. Bb6 Ke7 31. Re1+ Kxd7 32.
Rd1+ Kc6 33. Bxd8 b4 34. axb4 a4 35. Bxf6 a3 36. Ka2 Rxb4 37. Kxa3 1-0